Map: Abyssal Reef LE

Players

Marius

  • Race: Zerg Zerg
  • League: Diamond
  • Spawn Location: 5:00

PlzDontHitMe - Winner!

  • Race: Protoss Protoss
  • League: Diamond
  • Spawn Location: 11:00

VOD

Have the link to the VOD?

Description

Time

  • Played on: Dec. 20, 2017, 2:44 p.m.
  • Length: 14:00
Show
View Real Time Build Order
Export as new Build Order

Marius Zerg 

Build Orders: Pool First 

Get SALT Encoding   

  12  0:01  Drone  
  13  0:12  Overlord  
  13  0:23  Drone  
  14  0:31  Drone x2  
  16  0:41  Drone  
  17  0:43  Extractor  
  17  0:47  Drone  
  17  0:52  Spawning Pool  
  17  0:56  Drone  
  17  1:07  Drone  
  18  1:25  Hatchery  
  17  1:39  Zergling x6  
  20  1:45  Metabolic Boost  
  20  1:53  Queen  
  22  2:13  Overlord  
  22  2:23  Evolution Chamber  
  22  2:24  Drone  
  22  2:32  Drone  
  22  2:33  Drone  
  24  2:38  Queen  
  24  2:39  Drone  
  24  2:40  Drone  
  28  2:51  Drone x2  
  30  2:54  Pneumatized Carapace  
  31  3:05  Drone x2  
  31  3:06  Overlord  
  31  3:10  Drone  
  33  3:29  Drone  
  33  3:30  Drone x2  
  33  3:31  Overlord x2  
  36  3:43  Zergling x8  
  40  3:58  Zergling x8  
  40  3:59  Zergling x2  
  45  4:03  Zerg Melee Weapons Level 1  
  45  4:16  Zergling x6  
  45  4:17  Zergling x6  
  51  4:33  Zergling x6  
  54  4:43  Zergling x8  
  51  5:07  Zergling x2  
  51  5:08  Zergling x10  
  57  5:22  Hatchery  
  54  5:59  Zerg Ground Armor Level 1  
  54  6:01  Lair  
  54  6:03  Extractor  
  53  6:12  Zergling x6  
  53  6:13  Zergling x6  
  53  6:14  Overlord  
  57  6:30  Zergling x2  
  57  6:31  Zergling x4  
  53  6:51  Zergling x10  
  49  7:07  Spore Crawler  
  49  7:08  Spore Crawler  
  27  7:10  Spore Crawler  
  17  7:34  Drone  
  17  7:35  Drone x8  
  26  7:42  Hatchery  
  22  7:57  Hatchery  
  21  8:02  Spore Crawler  
  21  8:04  Spore Crawler  
  21  8:05  Spore Crawler  
  18  8:07  Hatchery  
  14  8:38  Drone  
  14  8:39  Drone x5  
  15  9:13  Drone  
  14  9:37  Drone  
  15  10:01  Drone  
  14  10:22  Drone  
  15  10:37  Drone  
  14  10:51  Drone  
  13  11:12  Drone  
  13  11:29  Drone x2  
  13  11:45  Spore Crawler  
  7  13:26  Spine Crawler  
Show
View Real Time Build Order
Export as new Build Order

PlzDontHitMe Protoss - Winner!

Build Orders:  

Get SALT Encoding   

  12  0:00  Probe  
  13  0:13  Probe  
  14  0:22  Pylon  
  14  0:26  Probe  
  15  0:40  Probe (Chrono Boost)  
  16  0:44  Forge  
  16  0:52  Probe (Chrono Boost)  
  17  1:00  Probe (Chrono Boost)  
  18  1:10  Probe  
  19  1:22  Probe  
  20  1:39  Gateway  
  20  1:40  Photon Cannon  
  20  1:41  Pylon x2  
  20  1:48  Pylon  
  20  2:03  Photon Cannon  
  20  2:26  Nexus  
  20  2:37  Nexus  
  20  2:43  Pylon  
  20  2:48  Assimilator  
  20  2:52  Assimilator  
  20  3:03  Photon Cannon  
  20  3:09  Photon Cannon  
  20  3:14  Assimilator  
  20  3:16  Probe  
  21  3:28  Pylon  
  20  3:46  Probe (Chrono Boost)  
  20  3:48  Probe (Chrono Boost), Assimilator  
  22  3:51  Assimilator  
  22  3:53  Pylon  
  23  3:56  Probe (Chrono Boost), Cybernetics Core  
  23  3:59  Probe (Chrono Boost)  
  23  4:01  Probe (Chrono Boost)  
  26  4:13  Probe (Chrono Boost)  
  26  4:14  Probe (Chrono Boost)  
  27  4:20  Probe x2 (Chrono Boost)  
  30  4:34  Stargate  
  30  4:36  Probe (Chrono Boost), Stargate  
  30  4:43  Probe  
  30  4:44  Stargate  
  30  4:45  Probe  
  32  4:55  Probe  
  29  5:08  Shield Battery  
  29  5:10  Probe  
  30  5:19  Oracle  
  33  5:22  Probe  
  33  5:35  Photon Cannon  
  33  5:39  Pylon  
  32  5:55  Oracle (Chrono Boost)  
  35  5:57  Oracle (Chrono Boost)  
  41  6:16  Oracle (Chrono Boost)  
  41  6:17  Pylon  
  41  6:21  Pylon  
  41  6:26  Pylon  
  41  6:35  Oracle  
  28  8:03  Probe  
  29  8:15  Probe  
  30  8:33  Gateway  
  30  8:38  Pylon  
  30  8:55  Void Ray (Chrono Boost)  
  28  9:30  Probe  
  29  9:37  Zealot  
  31  9:39  Gateway  
  31  9:40  Gateway  
  30  10:04  Zealot  
  30  10:17  Void Ray  
  34  10:32  Zealot  
  34  10:33  Void Ray  
  37  10:58  Probe  
  37  10:59  Zealot  
  37  11:02  Photon Cannon  
  40  11:10  Probe  
  41  11:15  Void Ray  
  45  11:22  Probe  
  46  11:26  Zealot  
  48  11:33  Void Ray  
  52  11:53  Zealot  
  54  13:22  Pylon  
  54  13:24  Pylon  
  54  13:26  Pylon  
Tags
 
Add a new tag
Caveats
  • Supply blocks, unpowered buildings, or Contaminate may cause inaccurate times.
  • Supply counts are checked every 10 seconds.